 Dungeon Crawl Stone Soup version 0.21.1-1-g345015f (webtiles) character file.

176 n0claF the Shooter (level 5, -10/45 HPs)
             Began as a Centaur Hunter on June 25, 2018.
             Killed by nerve-wracking pain
             ... invoked by a shadow imp
             ... summoned by Natasha
              (14 damage)
             ... on level 3 of the Dungeon.
             The game lasted 00:07:19 (2584 turns).

n0claF the Shooter (Centaur Hunter)                 Turns: 2584, Time: 00:07:20

Health: -10/45     AC:  7    Str: 14    XL:     5   Next: 30%
Magic:  5/5        EV:  8    Int: 10    God:
Gold:   99         SH:  0    Dex: 11    Spells: 4/4 levels left

rFire    . . .     SeeInvis .   b - +0 spear
rCold    . . .     Gourm    .   (no shield)
rNeg     . . .     Faith    .   q - +0 ring mail
rPois    .         Spirit   .   o - +0 helmet
rElec    .         Reflect  .   p - +0 cloak
rCorr    .         Harm     .   (no gloves)
MR       .....                  (no barding)
Stlth    ..........             (no amulet)
HPRegen  0.15/turn              (no ring)
MPRegen  0.09/turn              (no ring)

@: slowed
A: large, hooves 3, deformed body, speed 2, tough skin 3
a: no special abilities


You were on level 3 of the Dungeon.
You were hungry.

You visited 1 branch of the dungeon, and saw 3 of its levels.

You collected 99 gold pieces.

Inventory:

Hand Weapons
 a - a +1 shortbow
 b - a +0 spear (weapon)
   (You found it on level 1 of the Dungeon)
Missiles
 d - 30 arrows
 h - 73 stones (quivered)
Armour
 o - a +0 helmet (worn)
   (You found it on level 2 of the Dungeon)
 p - a +0 cloak (worn)
   (You found it on level 2 of the Dungeon)
 q - a +0 ring mail (worn)
   (You found it on level 2 of the Dungeon)
Jewellery
 j - a +2 ring of intelligence {unknown}
   (You found it on level 1 of the Dungeon)
Scrolls
 k - a scroll of teleportation {@r4}
 n - a scroll of identify {@r1}
Potions
 r - a potion of brilliance
Comestibles
 e - 6 rations {!d}


   Skills:
 + Level 3.5 Fighting
 + Level 6.6 Bows
 + Level 3.0 Throwing
 - Level 1.3 Dodging
 - Level 0.4 Stealth


You had 4 spell levels left.
You didn't know any spells.

Dungeon Overview and Level Annotations

Branches:
Dungeon (3/15)

Altars:
Uskayaw

Annotations:
D:3 Natasha; Ramesses's ghost, amateur DsCK


Innate Abilities, Weirdness & Mutations

You have hooves in place of feet.
Armour fits poorly on your strangely shaped body.
You cover ground very quickly.
You have extremely tough skin. (AC +3)


Message History

You hit the shadow imp.
The shadow imp hits you but does no damage.
You hit the shadow imp but do no damage.
You kill the shadow imp!
No target in view!
You start resting.
Natasha, Servant of Life and Death comes into view.
Natasha hisses angrily.
Found a ration.
a - a +1 shortbow (weapon)
Natasha casts a spell at you. The magic dart hits you!
Aim: Natasha You shoot an arrow.
The arrow hits Natasha but does no damage.
Natasha casts a spell at you.
You feel yourself slow down.
Aim: Natasha You shoot an arrow.
The arrow barely misses Natasha.
Aim: Natasha You shoot an arrow.
The arrow closely misses Natasha.
Natasha casts a spell at you. You resist with some effort.
Aim: Natasha You shoot an arrow.
The arrow barely misses Natasha.
Aim: Natasha You shoot an arrow.
The arrow closely misses Natasha.
Natasha closely misses you.
b - a +0 spear (weapon)
You hit Natasha. Your kick misses Natasha.
You are feeling hungry.
Natasha casts a spell at you.
You feel as though you will be slow longer.
Natasha claws you!
You barely miss Natasha. Natasha claws you.
* * * LOW HITPOINT WARNING * * *
You hit Natasha. Your kick misses Natasha.
Natasha claws you but does no damage. Natasha claws you.
* * * LOW HITPOINT WARNING * * *
You hit Natasha.
Natasha mumbles some strange words.
Natasha claws you.
* * * LOW HITPOINT WARNING * * *
You barely miss Natasha.
Natasha mumbles some strange words.
You closely miss Natasha. Your kick misses Natasha. Natasha claws you.
* * * LOW HITPOINT WARNING * * *
The shadow imp gestures at you. Pain shoots through your body!
You die...

#.####.#####..#
#.............#
..####.###.##.# ..#
#.# #.##.# ..# #.#
#.##.# ..# #.# #.##.#
..# #.# #.##.#### ..#
#.. #...>.5.# ..# ###
#.##.##@# ..#
#.##.##h# .# .>#
#...5# .# ..# ####.#
.# ... ##.#####.# #.#
#........## ..#
.######...#####..#####
#..(............#
#...(####..%....#


You could see Natasha, a crimson imp and a shadow imp.

Vanquished Creatures
  Natasha (D:3)
  5 adders
  3 gnolls (D:3)
  A shadow imp (D:3)
  An ooze (D:2)
  A dart slug (D:1)
  A leopard gecko (D:1)
  An orc (D:3)
  11 bats
  2 giant cockroaches
  5 goblins
  3 hobgoblins
  12 jackals
  6 kobolds
  A quokka (D:3)
  3 frilled lizards (D:2)
  5 rats
62 creatures vanquished.

Notes
Turn   | Place    | Note
-------+----------+-------------------------------------------
     0 | D:1      | n0claF the Centaur Hunter began the quest for the Orb.
     0 | D:1      | Reached XP level 1. HP: 17/17 MP: 1/1
    87 | D:1      | Reached skill level 1 in Throwing
    87 | D:1      | Reached XP level 2. HP: 6/24 MP: 2/2
   644 | D:1      | Reached XP level 3. HP: 30/30 MP: 3/3
  1633 | D:2      | Reached skill level 6 in Bows
  1686 | D:2      | Found a hide-covered altar of Uskayaw.
  1686 | D:2      | Noticed a dagger
  1687 | D:2      | Noticed a hand axe
  1765 | D:2      | Reached XP level 4. HP: 37/37 MP: 4/4
  1770 | D:2      | Found a faded altar of an unknown god.
  2308 | D:3      | Noticed Natasha
  2337 | D:3      | Killed Natasha
  2337 | D:3      | Reached XP level 5. HP: 29/45 MP: 5/5
  2486 | D:3      | Noticed Ramesses's ghost (amateur DsCK)
  2563 | D:3      | Noticed Natasha
  2584 | D:3      | Killed from afar by a shadow imp

Skill      XL: |  1  2  3  4  5 |
---------------+----------------+-----
Throwing       | 1 2 3 |  3.0
Bows           | 6 |  6.6
Fighting       | 3 |  3.5
Dodging        | |  1.3
Stealth        | |  0.4

Action                   |  1- 3 |  4- 6 || total
-------------------------+-------+-------++-------
Melee: Spear             |    89 |    52 ||   141
       Kick              |    19 |    16 ||    35
       Short sword       |    65 |    27 ||    92
 Fire: Shortbow          |       |    19 ||    19
  Use: Scroll            |       |     6 ||     6
  Eat: Chunk             |     2 |     2 ||     4
Armor: Leather armour    |    88 |     5 ||    93
       Ring mail         |       |    34 ||    34
Dodge: Dodged            |    79 |    31 ||   110
